 Dungeon Crawl Stone Soup version 0.20-a0-1122-gb7cbeb9 (webtiles) character file.

2024488 Flooderbenga the Slayer (level 27, 266/266 HPs)
             Began as a Centaur Hunter on May 7, 2017.
             Was a High Priest of Okawaru.
             Escaped with the Orb
             ... and 4 runes on May 12, 2017!
             The game lasted 22:38:10 (100551 turns).

Flooderbenga the Slayer (Centaur Hunter)          Turns: 100551, Time: 22:38:11

Health: 266/266    AC: 42    Str: 20      XL:     27
Magic:  26/41      EV: 30    Int: 12 (13) God:    Okawaru [*****.]
Gold:   3457       SH:  4    Dex: 26      Spells: 15/44 levels left

rFire    + . .     SeeInvis +   a - +4 longbow "Icvolaid" {speed, *Slow +Blink rElec rC+++}
rCold    + + .     Gourm    .   (shield currently unavailable)
rNeg     + . .     Faith    .   W - +4 moon troll leather armour {Spirit, Regen++ MP+5}
rPois    +         Spirit   +   c - +0 helmet of Circular Logic {rPois Str-2 Dex+10 Stlth+}
rElec    +         Reflect  .   U - +2 cloak {MR+}
rCorr    .         Harm     .   L - +2 pair of gloves {archery}
MR       +++++                  Z - +10 Black Knight's horse barding {ponderous, rPois rN+}
Stlth    +.........             f - amulet "Opios" {Spirit MR+}
Regen    1.4/turn               R - ring of Juruen {MR+ SInv}
MPRegen  0.3/turn               D - ring "Fodep" {Fire MR+ Int+3 Dex-2 Slay+3}

@: finesse, portal projectile, quick
A: hooves 3, repulsion field 1, large bone plates 1, molten scales 1, deformed
body, speed 2, strong 1, tough skin 3
0: Orb of Zot
}: 4/15 runes: decaying, silver, abyssal, gossamer
a: Heroism, Finesse, Renounce Religion, Cancel Portal Projectile, Evoke Blink


You escaped.
You worshipped Okawaru.
Okawaru was extremely pleased with you.
You were not hungry.

You visited 10 branches of the dungeon, and saw 50 of its levels.
You visited the Abyss 2 times.
You also visited: Labyrinth, Ice Cave and Wizlab.

You collected 7816 gold pieces.
You spent 4359 gold pieces at shops.

Inventory:

Hand Weapons
 a - the +4 longbow "Icvolaid" (weapon) {speed, *Slow +Blink rElec rC+++}
   (Okawaru gifted it to you in an ice cave)

   Attacks with this weapon are significantly faster.
   It renders you almost immune to cold.
   It insulates you from electricity.
   It lets you blink.
   It may slow you when you take damage.
 T - the +7 longbow "Piercer" {penet, EV-2}
   (Okawaru gifted it to you on level 4 of the Realm of Zot)

   Ammo fired by it will pass through the targets it hits, potentially hitting
   all targets in its path until it reaches maximum range.
   It affects your evasion (-2).
Missiles
 d - 446 arrows (quivered)
 C - 7 throwing nets
Armour
 c - the +0 helmet of Circular Logic (worn) {rPois Str-2 Dex+10 Stlth+}
   (You acquired it on level 2 of the Spider Nest)

   It affects your strength (-2).
   It affects your dexterity (+10).
   It protects you from poison.
   It makes you more stealthy.
 L - a +2 pair of gloves of archery (worn)
 U - a +2 cloak of magic resistance (worn)
 W - the +4 moon troll leather armour (worn) {Spirit, Regen++ MP+5}
   (You took it off a moon troll in a wizard's laboratory)

   It affects your magic capacity (+5).
   It increases your rate of regeneration.
 Z - the +10 Black Knight's horse barding (worn) {ponderous, rPois rN+}
   (You found it on level 1 of the Depths)

   It protects you from poison.
   It protects you from negative energy.
Magical Staves
 b - an uncursed staff of energy
Jewellery
 f - the amulet "Opios" (around neck) {Spirit MR+}
   (You found it on level 5 of the Vaults)

   [amulet of guardian spirit]

   It causes incoming damage to be split between your health and magic.
   It affects your resistance to hostile enchantments.
 D - the ring "Fodep" (right hand) {Fire MR+ Int+3 Dex-2 Slay+3}
   (You found it on level 3 of the Elven Halls)

   [ring of fire]

   It enhances your fire magic.
   It affects your intelligence (+3).
   It affects your dexterity (-2).
   It affects your accuracy and damage with ranged weapons and melee attacks
   (+3).
   It protects you from fire.
   It makes you vulnerable to cold.
   It affects your resistance to hostile enchantments.
 R - the ring of Juruen (left hand) {MR+ SInv}
   (You took it off an entropy weaver on level 5 of the Vaults)

   [ring of see invisible]

   It affects your resistance to hostile enchantments.
   It lets you see invisible.
 Y - the ring "Epeiser" {MP+9 EV+6 Str+2 Int+6}
   (You took it off a deep elf blademaster on level 3 of the Elven Halls)

   [ring of evasion]

   It affects your evasion (+6).
   It affects your strength (+2).
   It affects your intelligence (+6).
   It affects your magic capacity (+9).
Wands
 j - a wand of clouds (9/9)
 x - a wand of acid (8/15)
 F - a wand of digging (15/24) {@v4}
Scrolls
 g - 3 scrolls of remove curse {@r2}
 h - 5 scrolls of summoning
 p - 4 scrolls of silence
 r - 6 scrolls of identify {@r1}
 s - 8 scrolls of fog {@r4}
 u - 8 scrolls of fear {@r5}
 y - 3 scrolls of vulnerability
 z - a scroll of enchant weapon
 B - 5 scrolls of holy word
 E - 8 scrolls of blinking {@r4}
 H - 8 scrolls of magic mapping
 S - 20 scrolls of teleportation {@r3}
Potions
 i - 5 potions of mutation
 m - 5 potions of invisibility
 o - 10 potions of flight
 q - 19 potions of curing {@q1}
 w - 7 potions of heal wounds {@q2}
 J - 4 potions of ambrosia
 K - 2 potions of haste {@q3}
 M - 4 potions of resistance
 N - 4 potions of might {@q4}
 O - 7 potions of brilliance
 P - 6 potions of agility {@q5}
 Q - 4 potions of cancellation
 V - a potion of magic
Miscellaneous
 l - a phial of floods (inert)
 n - 4 boxes of beasts
 t - 4 phantom mirrors
 v - 4 sacks of spiders
 A - a lamp of fire
 G - a lightning rod (4/4)
 I - a fan of gales
Comestibles
 e - 4 fruits {@e2}
 k - a royal jelly {@e3}
 X - 32 bread rations {@e1}


   Skills:
 - Level 25.5 Fighting
 - Level 23.2 Bows
 + Level 20.8 Armour
 + Level 21.4 Dodging
 - Level 0.4 Stealth
 + Level 9.4 Spellcasting
 - Level 5.1 Hexes
 - Level 4.3 Charms
 - Level 4.1 Summonings
 - Level 3.0 Necromancy
 - Level 7.1 Translocations
 - Level 2.0 Transmutations
 - Level 4.0 Earth Magic
 - Level 12.2 Invocations
 - Level 9.0 Evocations


You had 15 spell levels left.
You knew the following spells:

 Your Spells              Type           Power        Failure   Level  Hunger
a - Portal Projectile     Hex/Tloc       ###...       3%          3    ##.....
b - Corona                Hex            ###....      1%          1    None
c - Apportation           Tloc           ###...       1%          1    None
d - Gell's Gravitas       Tloc           ###.......   2%          3    ##.....
e - Shroud of Golubria    Chrm/Tloc      ###.......   1%          2    None
f - Summon Small Mammal   Summ           ###.         2%          1    None
g - Summon Butterflies    Summ           ###.....     2%          1    None
h - Animate Skeleton      Necr           N/A          4%          1    None
i - Summon Guardian Gole  Hex/Summ       ###.....     6%          3    ##.....
j - Call Canine Familiar  Summ           ###.....     8%          3    ##.....
k - Call Imp              Summ           ###.....     3%          2    None
n - Passwall              Tmut/Erth      ##........   6%          2    None
v - Passage of Golubria   Tloc           N/A          7%          4    ####...
B - Blink                 Tloc           N/A          1%          2    None


Dungeon Overview and Level Annotations

Branches:
Dungeon (15/15)            Temple (1/1) D:4            Lair (6/6) D:10
  Swamp (4/4) Lair:4       Spider (4/4) Lair:2        Slime (0/5) Lair:5
    Orc (2/2) D:11            Elf (3/3) Orc:2        Vaults (5/5) D:13
  Crypt (0/3) Vaults:3     Depths (5/5) D:15            Zot (5/5) Depths:5

Altars:
Ashenzari
Cheibriados
Dithmenos
Elyvilon
Fedhas
Gozag
Kikubaaqudgha
Nemelex Xobeh
Okawaru
Qazlal
Ru
Sif Muna
Trog
Uskayaw
Vehumet
Wu Jian
Xom
Yredelemnul
Zin
The Shining One
Lugonu

Shops:
D:6 [   Orc:2 *[::?%=[[   Elf:2 %   Elf:3 ?   Vaults:1 *   Zot:5 *
Depths:4 (?

Portals:
Hell: Depths:1 Depths:2 Depths:3 Depths:4 Depths:5
Abyss: Depths:4
Pandemonium: Depths:1 Depths:3
Ziggurat: Depths:3


Innate Abilities, Weirdness & Mutations

You have hooves in place of feet.
Armour fits poorly on your strangely shaped body.
You cover ground very quickly.
You have extremely tough skin. (AC +3)
You are surrounded by a mild repulsion field. (EV +2)
You are partially covered in large bone plates. (SH +4)
You are partially covered in molten scales. (AC +2)
Your muscles are strong. (Str +2)


Message History

Aim: a profane servitor, wielding an enchanted demon whip (heavily damaged, umbra)
You magically shoot an arrow.
The arrow hits the profane servitor!!
You hear a splash.
You now have 28/41 mp.
Aim: a profane servitor, wielding an enchanted demon whip (heavily damaged, umbra)
You magically shoot an arrow.
The arrow misses the profane servitor.
You hear a splash.
You now have 27/41 mp.
Aim: a profane servitor, wielding an enchanted demon whip (heavily damaged, umbra)
You magically shoot an arrow.
The arrow hits the profane servitor!!
You hear a splash.
The profane servitor hits your water elemental with an enchanted demon whip! x2
You now have 26/41 mp.
Aim: a profane servitor, wielding an enchanted demon whip (severely damaged, umbra)
You magically shoot an arrow.
The arrow hits the profane servitor!!!
You destroy the profane servitor!
Okawaru accepts your kill.
You hear a splash.
You now have 25/41 mp.
You have escaped!

#.#
###'###
##≈♣.♣≈##
#≈≈♣.♣≈≈#
#≈≈♣b♣≈≈#
#≈♣bb≈♣≈#
♣.≈b≈.♣#
#.#E#.#
###@###
###


You could see a friendly water elemental.

Vanquished Creatures
  5 orbs of fire
  3 ancient liches
  A juggernaut (Depths:4)
  Sojobo (Depths:4)
  Boris (Depths:3)
  the Lernaean hydra (Swamp:4)
  Saint Roka (Orc:2)
  2 curse toes
  6 caustic shrikes (Depths:4)
  The ghost of Lochraine the Executioner, a veteran MiBe of Trog (Zot:4)
  18 golden dragons
  10 Killer Klowns
  A profane servitor (D:1)
  5 bone dragons
  Jorgrun (Elf:2)
  Jory (Vaults:3)
  Arachne (Spider:4)
  4 electric golems
  5 liches
  A moon troll (WizLab)
  23 tentacled monstrosities
  26 Orb Guardians
  3 deep elf blademasters
  4 deep elf master archers (Elf:3)
  9 quicksilver dragons
  9 death cobs
  19 tentacled starspawn
  5 titans
  2 sphinxes
  Frances (Spider:2)
  9 tengu reavers
  11 shadow dragons
  18 storm dragons
  3 thorn hunters
  Roxanne (Swamp:1)
  Donald (Spider:2)
  Kirke (Swamp:3)
  5 draconian monks
  10 fire giants
  4 iron dragons
  10 ghost moths
  4 cacodemons
  26 vault wardens
  An orc warlord (Orc:2)
  An iron dragon (shapeshifter) (Vaults:5)
  16 frost giants
  7 draconian scorchers
  2 draconian knights
  12 deep elf sorcerers
  9 draconian shifters
  2 balrugs
  8 draconian annihilators
  5 emperor scorpions
  A ghoul (Vaults:5)
  3 war gargoyles
  10 deep elf elementalists
  3 spriggan defenders
  3 draconian stormcallers
  25 stone giants
  37 very ugly things
  16 ironheart preservers
  18 starcursed masses
  13 entropy weavers
  Nessos (D:15)
  7 black draconians
  5 vampire knights
  6 deep elf annihilators
  15 green draconians
  19 yellow draconians
  7 deep elf demonologists
  5 dire elephants (Lair:6)
  13 purple draconians
  13 red draconians
  10 white draconians
  Snorg (Orc:2)
  7 spark wasps
  A merfolk javelineer (Depths:1)
  5 deep elf death magi
  3 crystal guardians
  An eidolon (Abyss:5)
  15 ettins
  A minotaur (Lab)
  14 fire dragons
  A jiangshi (Vaults:3)
  20 yaktaur captains
  8 deep elf high priests
  13 ogre magi
  Erolcha (D:9)
  16 great orbs of eyes
  16 ice dragons
  21 hydras
  37 vault guards
  10 rakshasas
  Erica (D:8)
  2 spriggan air magi
  A catoblepas (Lair:3)
  3 death knights
  An alligator snapping turtle (shapeshifter) (Depths:2)
  2 ghost crabs (Swamp:4)
  14 deep troll shamans
  A queen ant (Spider:1)
  An anaconda (Lair:6)
  10 centaur warriors
  43 two-headed ogres
  3 alligators
  3 vampire magi
  20 dancing weapons
  A tengu warrior (Depths:3)
  3 hell hogs (Abyss:1)
  2 spriggan berserkers (Depths:4)
  15 deep troll earth magi
  22 thrashing horrors
  2 death yaks (IceCv)
  Urug (D:15)
  An orc high priest (Orc:2)
  11 deep elf knights
  8 hell knights
  Sonja (D:15)
  5 shadow wraiths
  A soul eater (Depths:3)
  A sun demon (Abyss:5)
  5 sixfirhies
  17 wretched stars
  6 iron trolls
  9 spatial maelstroms
  3 shambling mangroves
  A fire crab (shapeshifter) (Vaults:4)
  2 flayed ghosts (Abyss:1)
  10 skeletal warriors
  A spark wasp zombie (D:15)
  A spriggan druid (Swamp:4)
  2 shadow demons
  51 deep trolls
  6 unseen horrors
  2 wizards
  A cherub (Zot:5)
  27 ironbrand convokers
  A glowing orange brain (shapeshifter) (Vaults:5)
  7 swamp dragons (Swamp:4)
  11 glowing orange brains
  Pikel (D:7)
  14 deep elf archers
  A golden dragon skeleton (D:15)
  An orb spider (shapeshifter) (Vaults:1)
  15 orc knights
  56 deep elf magi
  3 orange crystal statues
  A lindwurm (shapeshifter) (Depths:4)
  A shadow dragon zombie (D:15)
  5 necromancers
  14 harpies
  15 orb spiders
  25 wolf spiders
  12 phantasmal warriors
  A mana viper (shapeshifter) (Vaults:5)
  A human zombie (Vaults:5)
  56 ugly things
  A wolf spider (shapeshifter) (Depths:4)
  5 cyclopes
  7 orc sorcerers
  A manticore (shapeshifter) (Vaults:4)
  A salamander (shapeshifter) (D:14)
  An oklob plant (Lair:6)
  2 manticores
  A stone giant zombie (Abyss:1)
  5 worldbinders
  29 large abominations
  A salamander (Depths:1)
  A fire giant skeleton (D:15)
  11 vault sentinels
  A titan simulacrum (Abyss:4)
  3 rust devils
  An eye of devastation (shapeshifter) (Vaults:5)
  An iron dragon skeleton (Abyss:4)
  9 orange demons
  30 moths of wrath
  5 black mambas
  13 smoke demons
  20 elephants
  4 torpor snails
  A shock serpent skeleton (Abyss:3)
  An ice statue (IceCv)
  7 gargoyles
  5 eyes of devastation (WizLab)
  13 spiny frogs
  A rime drake (shapeshifter) (Depths:3)
  2 tormentors (Abyss:4)
  A spiny frog (shapeshifter) (Vaults:5)
  18 demonic crawlers
  3 hellions
  3 rime drakes
  A komodo dragon (shapeshifter) (Depths:4)
  A yaktaur zombie (Vaults:5)
  103 yaktaurs
  2 kobold demonologists
  6 hellwings
  6 komodo dragons
  An ice devil (Zot:5)
  14 freezing wraiths
  8 ancient zymes
  2 efreet
  3 guardian mummies
  2 tengu conjurers (D:15)
  A jumping spider (shapeshifter) (Vaults:2)
  17 polar bears
  3 meliai (D:12)
  2 wind drakes (shapeshifter)
  A queen bee (D:12)
  A red devil (Abyss:5)
  2 hornets (shapeshifter)
  37 jumping spiders
  14 tyrant leeches
  16 hornets
  A troll (shapeshifter) (Depths:3)
  25 raiju
  11 trolls
  14 bog bodies
  A dream sheep (shapeshifter) (Depths:5)
  12 dream sheep
  39 slime creatures
  5 hippogriffs
  A hippogriff (shapeshifter) (Depths:4)
  24 blink frogs
  A fire giant simulacrum (Vaults:2)
  2 air elementals
  3 flying skulls (Abyss:3)
  A black mamba zombie (Abyss:3)
  4 spriggans
  A spriggan (shapeshifter) (Vaults:4)
  5 wraiths
  2 vampires
  8 ynoxinuls
  2 wyverns
  An ice dragon skeleton (Abyss:1)
  6 water elementals
  2 yaks (shapeshifter)
  6 shadows
  87 yaks
  30 tarantellas
  4 basilisks
  5 fire elementals
  138 redbacks
  4 fire bats (Depths:4)
  An ettin skeleton (Vaults:5)
  3 neqoxecs
  17 golden eyes
  2 chaos spawn
  32 small abominations
  A golden eye (shapeshifter) (Vaults:4)
  Grum (D:9)
  2 hungry ghosts
  A hog (shapeshifter) (Vaults:5)
  20 vampire mosquitoes
  5 spatial vortices
  12 swamp worms
  18 insubstantial wisps
  5 acid dragons
  11 wargs
  13 soldier ants (Spider:1)
  2 floating eyes
  Duvessa (D:6)
  16 water moccasins
  45 orc warriors
  9 porcupines
  4 sky beasts
  9 swamp drakes
  5 black bears
  16 ice beasts
  A sky beast (shapeshifter) (Depths:4)
  4 slaves (D:7)
  An ettin simulacrum (Vaults:1)
  2 eyes of draining
  3 phantoms
  7 boggarts
  37 wolves
  35 ogres
  A boggart (shapeshifter) (Depths:4)
  An elf skeleton (Vaults:2)
  25 centaurs
  13 crocodiles
  A crocodile (shapeshifter) (Depths:3)
  7 big kobolds
  8 earth elementals
  24 bullfrogs
  A gnoll sergeant (D:8)
  2 wyvern zombies
  A glowing shapeshifter simulacrum (Vaults:1)
  3 human skeletons
  Dowan (D:6)
  3 scorpions
  36 killer bees
  14 wights
  3 howler monkeys
  8 crimson imps
  A quasit (Abyss:1)
  5 centaur zombies
  27 orc priests
  A gnoll shaman (D:10)
  4 jellies
  6 hounds
  7 bullfrog skeletons
  10 centaur skeletons
  3 iron imps
  Terence (D:2)
  2 iguanas
  29 worker ants
  49 orc wizards
  4 worker ant zombies
  11 gnolls
  A howler monkey skeleton (D:9)
  17 adders
  2 shadow imps
  A white imp (Abyss:4)
  4 ufetubi
  2 oozes
  An adder skeleton (D:5)
  5 worms
  2 dart slugs
  6 leopard geckos
  130 orcs
  5 ball pythons
  6 bats
  4 giant cockroaches
  8 goblins
  3 hobgoblins
  A hobgoblin (shapeshifter) (Depths:3)
  8 jackals
  17 kobolds
  4 quokkas
  A frilled lizard (D:2)
  A jackal skeleton (D:4)
  5 rats
  A rat zombie (D:4)
  A briar patch (Swamp:2)
  3 crawling corpses (Vaults:4)
  A demonic plant (WizLab)
  A lurking horror (Abyss:3)
  3 plants (Lair:6)
  12 starspawn tentacles
  A tentacle (Abyss:4)
3127 creatures vanquished.

Vanquished Creatures (collateral kills)
  2 Orb Guardians (Zot:5)
  A shadow dragon (Zot:5)
  2 storm dragons
  A red draconian (Zot:4)
  A purple draconian (Zot:4)
  A moth of wrath (Zot:4)
8 creatures vanquished.

Vanquished Creatures (others)
  An ettin (Depths:5)
  A yaktaur captain (Vaults:1)
  A large abomination (Abyss:3)
  A moth of wrath (Zot:2)
  4 humans (Swamp:3)
  4 golden eyes (Abyss:4)
  6 bushes
  A demonic plant (WizLab)
  22 fungi
  12 plants
  25 starspawn tentacles
  2 tentacles (Abyss:4)
  A withered plant (D:15)
81 creatures vanquished.

Grand Total: 3216 creatures vanquished

Notes
Turn   | Place    | Note
-------+----------+-------------------------------------------
     0 | D:1      | Flooderbenga the Centaur Hunter began the quest for the Orb.
     0 | D:1      | Reached XP level 1. HP: 17/17 MP: 1/1
   291 | D:1      | Reached XP level 2. HP: 19/24 MP: 2/2
  1133 | D:1      | Reached XP level 3. HP: 23/30 MP: 3/3
  1523 | D:2      | Reached skill level 3 in Fighting
  1888 | D:2      | Reached XP level 4. HP: 32/38 MP: 4/4
  2360 | D:2      | Found a deep blue altar of Sif Muna.
  2651 | D:3      | Found a shadowy altar of Dithmenos.
  2657 | D:3      | Noticed Terence
  2721 | D:2      | Killed Terence
  3252 | D:3      | Reached XP level 5. HP: 37/45 MP: 5/5
  3700 | D:5      | Entered Level 5 of the Dungeon
  3809 | D:4      | Found an ancient bone altar of Kikubaaqudgha.
  4053 | D:4      | Reached skill level 4 in Fighting
  4076 | D:4      | Found a sparkling altar of Nemelex Xobeh.
  4325 | D:4      | Found a staircase to the Ecumenical Temple.
  4360 | Temple   | Entered the Ecumenical Temple
  4369 | Temple   | Became a worshipper of Warmaster Okawaru
  4430 | D:4      | Noticed an ogre
  4470 | D:4      | Killed an ogre
  4470 | D:4      | Reached XP level 6. HP: 52/52 MP: 6/6
  4668 | D:5      | Found a glowing silver altar of Zin.
  5342 | D:5      | Reached XP level 7. HP: 59/59 MP: 7/7
  5480 | D:5      | Reached * piety under Okawaru
  5745 | D:5      | Reached skill level 10 in Bows
  5926 | D:6      | Reached skill level 1 in Invocations
  6280 | D:6      | Found Jujuos's Antique Armour Emporium.
  6489 | D:6      | Reached XP level 8. HP: 33/66 MP: 8/10
  6797 | D:6      | Bought a glowing leather armour for 120 gold pieces
  6978 | D:6      | Noticed Duvessa
  6991 | D:6      | Noticed Dowan
  7006 | D:6      | Killed Duvessa
  7311 | D:6      | Killed Dowan
  7640 | D:6      | Reached ** piety under Okawaru
  7640 | D:6      | Reached skill level 5 in Invocations
  8023 | D:7      | Found a shadowy altar of Dithmenos.
  8261 | D:7      | Reached XP level 9. HP: 67/71 MP: 13/13
  8372 | D:7      | Found a bloodstained altar of Trog.
  8394 | D:7      | Found a stormy altar of Qazlal.
  8588 | D:7      | Noticed Pikel
  8656 | D:7      | Killed Pikel
  9058 | D:7      | Found a blossoming altar of Fedhas.
  9192 | D:8      | Noticed a two-headed ogre
  9262 | D:7      | Killed a two-headed ogre
  9262 | D:7      | Reached *** piety under Okawaru
  9357 | D:8      | Reached skill level 5 in Fighting
  9403 | D:8      | Noticed a two-headed ogre
  9504 | D:7      | Killed a two-headed ogre
  9504 | D:7      | Reached **** piety under Okawaru
  9504 | D:7      | Reached XP level 10. HP: 12/82 MP: 15/15
 10449 | D:7      | Noticed an eight-headed hydra
 10541 | D:8      | Received a gift from Okawaru
 10572 | D:8      | Reached skill level 6 in Fighting
 10807 | D:7      | Received a gift from Okawaru
 10807 | D:7      | Reached skill level 15 in Bows
 11526 | D:8      | Noticed Erica
 11678 | D:9      | You fall through a shaft for 2 floors!
 11689 | D:11     | Reached skill level 1 in Spellcasting
 11689 | D:11     | Reached skill level 1 in Evocations
 11758 | D:10     | Entered Level 10 of the Dungeon
 11931 | D:10     | Reached skill level 7 in Fighting
 12174 | D:10     | Found a staircase to the Lair.
 12703 | D:9      | Noticed Grum
 12776 | D:9      | Reached XP level 11. HP: 87/92 MP: 16/16
 12807 | D:9      | Found an ornate altar of the Wu Jian Council.
 12852 | D:9      | Killed Grum
 12852 | D:9      | Reached skill level 5 in Dodging
 13260 | D:9      | Found a basalt altar of Yredelemnul.
 13263 | D:9      | Found a shimmering altar of Xom.
 13283 | D:9      | Noticed Erolcha
 13838 | D:9      | Found a sacrificial altar of Ru.
 14771 | D:11     | Reached skill level 1 in Armour
 14896 | D:10     | Noticed a fire dragon
 15316 | Lair:1   | Entered Level 1 of the Lair of Beasts
 15487 | Lair:1   | Received a gift from Okawaru
 15554 | Lair:1   | Found a labyrinth entrance.
 15573 | Lab      | Entered a labyrinth
 16115 | Lab      | Killed an unseen horror
 17101 | Lab      | Killed an unseen horror
 17358 | Lab      | Reached ***** piety under Okawaru
 17647 | Lab      | Reached skill level 8 in Fighting
 17894 | Lab      | Received a gift from Okawaru
 18235 | Lab      | Noticed a minotaur
 18380 | Lab      | Killed a minotaur
 18383 | Lab      | Got a glittering sapphire amulet
 18525 | Lab      | Identified the amulet of Qurix {Harm *Drain Dex+4} (You took it off a minotaur in a labyrinth)
 19087 | Lair:1   | Received a gift from Okawaru
 19099 | Lair:1   | Reached XP level 12. HP: 103/103 MP: 17/17
 19111 | Lair:1   | Reached skill level 5 in Evocations
 19337 | Lair:1   | Got a slimy short sword
 19341 | Lair:1   | Identified the +7 short sword "Amott" {freeze, Int+4} (You found it on level 1 of the Lair of Beasts)
 20086 | Lair:1   | Reached skill level 9 in Fighting
 20286 | Lair:1   | Received a gift from Okawaru
 20629 | D:11     | Found a staircase to the Orcish Mines.
 20684 | D:11     | Received a gift from Okawaru
 20997 | D:11     | Noticed a two-headed ogre
 21003 | D:11     | Killed a two-headed ogre
 21129 | D:11     | Noticed a death knight
 21232 | D:11     | Killed a death knight
 21232 | D:11     | Received a gift from Okawaru
 22062 | D:12     | Received a gift from Okawaru
 22729 | D:12     | Noticed a two-headed ogre
 22742 | D:12     | Killed a two-headed ogre
 22768 | D:12     | Reached XP level 13. HP: 111/111 MP: 18/18
 22815 | D:12     | Reached skill level 5 in Armour
 23049 | D:12     | Found a corrupted altar of Lugonu.
 24285 | D:12     | Reached skill level 10 in Fighting
 24764 | D:13     | Found a frozen archway.
 24835 | IceCv    | Entered an ice cave
 24973 | IceCv    | Received a gift from Okawaru
 24977 | IceCv    | Got an ancient longbow {god gift}
 24978 | IceCv    | Identified the +4 longbow "Icvolaid" {speed, *Slow +Blink rElec rC+++} (Okawaru gifted it to you in an ice cave)
 25431 | IceCv    | Noticed a frost giant
 25463 | IceCv    | Killed a frost giant
 25463 | IceCv    | Received a gift from Okawaru
 25999 | D:13     | Received a gift from Okawaru
 26007 | D:13     | Reached XP level 14. HP: 101/122 MP: 20/20
 26584 | D:13     | Found a gate to the Vaults.
 26777 | D:13     | Reached ****** piety under Okawaru
 27127 | D:13     | Received a gift from Okawaru
 27872 | Lair:2   | Found a hole to the Spider Nest.
 28269 | Lair:2   | Learned a level 3 spell: Portal Projectile
 28764 | Lair:3   | Reached skill level 1 in Translocations
 28835 | Lair:3   | Reached skill level 1 in Hexes
 29504 | Lair:4   | Reached skill level 11 in Fighting
 29898 | Lair:4   | Found a staircase to the Swamp.
 29944 | Lair:4   | Received a gift from Okawaru
 30711 | Lair:5   | Found a basalt altar of Yredelemnul.
 30828 | Lair:5   | Found a staircase to the Slime Pits.
 31158 | Lair:6   | Entered Level 6 of the Lair of Beasts
 31279 | Lair:6   | Reached XP level 15. HP: 130/130 MP: 18/21
 31575 | Lair:6   | Received a gift from Okawaru
 32005 | Lair:6   | Received a gift from Okawaru
 32049 | Lair:6   | Received a gift from Okawaru
 32385 | Lair:6   | Received a gift from Okawaru
 33071 | Lair:6   | Received a gift from Okawaru
 33721 | Orc:1    | Entered Level 1 of the Orcish Mines
 33814 | Orc:2    | Entered Level 2 of the Orcish Mines
 33848 | Orc:2    | Noticed an orc warlord
 33861 | Orc:2    | Killed an orc warlord
 33861 | Orc:2    | Received a gift from Okawaru
 34413 | Orc:2    | Noticed Saint Roka
 34433 | Orc:2    | Killed Saint Roka
 34433 | Orc:2    | Reached skill level 12 in Fighting
 34707 | Orc:2    | Found Qurouleg's General Store.
 34718 | Orc:2    | Bought a scroll of identify for 32 gold pieces
 34718 | Orc:2    | Bought a scroll of holy word for 120 gold pieces
 34718 | Orc:2    | Bought a scroll of identify for 32 gold pieces
 34718 | Orc:2    | Bought a scroll of magic mapping for 56 gold pieces
 34817 | Orc:2    | Found Tasak's Magic Scroll Emporium.
 34963 | Orc:1    | Learned a level 1 spell: Corona
 35237 | Orc:1    | Noticed Snorg
 35255 | Orc:2    | Found Rasanit's Book Shop.
 35276 | Orc:2    | Killed Snorg
 35581 | Orc:2    | Bought a scroll of random uselessness for 13 gold pieces
 35581 | Orc:2    | Bought a scroll of fog for 26 gold pieces
 35838 | Orc:2    | Found Gulaplem's Antique Armour Shoppe.
 35838 | Orc:2    | Found Jucyiv's Food Emporium.
 35879 | Orc:2    | Found Mohauhac's Jewellery Emporium.
 35885 | Orc:2    | Found Puoshroot's Antique Armour Shoppe.
 35940 | Orc:2    | Found a staircase to the Elven Halls.
 36054 | Orc:2    | Found Xaceitwa's Antique Armour Boutique.
 36080 | Orc:2    | Found Birirch's Book Shoppe.
 36176 | Orc:2    | Bought a +5 ring of evasion for 550 gold pieces
 36181 | Orc:2    | Bought an uncursed ring of poison resistance for 200 gold pieces
 36206 | Elf:1    | Entered Level 1 of the Elven Halls
 36507 | Lair:6   | Learned a level 1 spell: Apportation
 36927 | D:14     | Gained mutation: You are partially covered in large bone plates. (SH +4) [mutagenic meat]
 36928 | D:14     | Gained mutation: Your body sometimes deteriorates upon taking damage. [mutagenic meat]
 36929 | D:14     | Gained mutation: You tend to lose your temper in combat. [mutagenic meat]
 36930 | D:14     | Gained mutation: You are frail. (-10% HP) [mutagenic meat]
 36941 | D:14     | Lost mutation: Your body sometimes deteriorates upon taking damage. [potion of mutation]
 36941 | D:14     | Lost mutation: You are frail. (-10% HP) [potion of mutation]
 36941 | D:14     | Lost mutation: You tend to lose your temper in combat. [potion of mutation]
 36941 | D:14     | Lost mutation: You are partially covered in large bone plates. (SH +4) [potion of mutation]
 36941 | D:14     | Gained mutation: You occasionally shout uncontrollably at your foes. [potion of mutation]
 36941 | D:14     | Gained mutation: You are resistant to electric shocks. (rElec) [potion of mutation]
 37101 | D:14     | Reached XP level 16. HP: 140/140 MP: 22/22
 37417 | D:14     | Received a gift from Okawaru
 37464 | D:14     | Got a shimmering longbow {god gift}
 37465 | D:14     | Identified the +9 longbow "Ruth" {freeze, Dex+3} (Okawaru gifted it to you on level 14 of the Dungeon)
 37746 | D:15     | Entered Level 15 of the Dungeon
 37926 | D:15     | Found a staircase to the Depths.
 38017 | D:15     | Noticed Sonja
 38020 | D:15     | Killed Sonja
 38090 | D:15     | Noticed Urug
 38095 | D:15     | Killed Urug
 38350 | D:15     | Noticed Nessos
 38353 | D:15     | Killed Nessos
 38527 | D:15     | Reached skill level 13 in Fighting
 38735 | D:15     | Found an opulent altar of Gozag.
 39154 | Swamp:1  | Entered Level 1 of the Swamp
 39167 | Swamp:1  | Noticed a thorn hunter
 39188 | Swamp:1  | Killed a thorn hunter
 39533 | Swamp:1  | Noticed Roxanne
 40016 | Swamp:2  | Received a gift from Okawaru
 40042 | Swamp:2  | Got a dazzling leather armour
 40053 | Swamp:2  | Identified the +5 leather armour of Curiosity {*Contam rC+ Stlth+} (You found it on level 2 of the Swamp)
 40066 | Swamp:2  | Noticed a thorn hunter
 40074 | Swamp:2  | Killed a thorn hunter
 40340 | Swamp:2  | Noticed a thorn hunter
 40346 | Swamp:2  | Killed a thorn hunter
 40504 | Swamp:2  | Received a gift from Okawaru
 40985 | Swamp:4  | Entered Level 4 of the Swamp
 40991 | Swamp:4  | Reached skill level 10 in Dodging
 40997 | Swamp:4  | Received a gift from Okawaru
 40998 | Swamp:4  | Got a faintly glowing chain mail {god gift}
 41013 | Swamp:4  | Identified the +1 chain mail of Ynaphown {-Tele rElec rPois Dex+4} (Okawaru gifted it to you on level 4 of the Swamp)
 41058 | Swamp:4  | Gained mutation: Your body sometimes deteriorates upon taking damage. [mutagenic glow]
 41469 | Swamp:4  | Reached skill level 14 in Fighting
 41599 | Swamp:4  | Reached XP level 17. HP: 151/152 MP: 23/23
 41654 | Swamp:4  | Noticed the 27-headed Lernaean hydra
 41671 | Swamp:4  | Killed the 27-headed Lernaean hydra
 41688 | Swamp:4  | Received a gift from Okawaru
 41804 | Swamp:4  | Got a decaying rune of Zot
 42224 | Swamp:3  | Noticed Kirke
 42227 | Swamp:3  | Killed Kirke
 42861 | Spider:1 | Entered Level 1 of the Spider Nest
 43295 | Spider:1 | Received a gift from Okawaru
 43489 | Spider:1 | Reached skill level 15 in Fighting
 44984 | Spider:2 | Noticed Donald
 45002 | Spider:2 | Killed Donald
 45160 | Spider:2 | Identified a scroll of acquirement
 45210 | Spider:2 | Got a crude helmet
 45221 | Spider:2 | Identified the +0 helmet of Circular Logic {rPois Str-2 Dex+10 Stlth+} (You acquired it on level 2 of the Spider Nest)
 45360 | Spider:2 | Noticed Frances
 45383 | Spider:2 | Killed Frances
 45805 | Spider:2 | Received a gift from Okawaru
 46189 | Spider:3 | Reached skill level 16 in Fighting
 46242 | Spider:3 | Received a gift from Okawaru
 46243 | Spider:3 | Got a transparent large shield {god gift}
 46537 | Spider:3 | Reached XP level 18. HP: 166/166 MP: 24/24
 47183 | Spider:4 | Entered Level 4 of the Spider Nest
 47998 | Spider:4 | Reached skill level 10 in Armour
 48451 | Spider:4 | Noticed Arachne
 48479 | Spider:4 | Reached skill level 17 in Fighting
 48542 | Spider:4 | Killed Arachne
 48755 | Spider:4 | Received a gift from Okawaru
 48934 | Spider:4 | Got a gossamer rune of Zot
 49563 | Lair:2   | Got a polished centaur barding
 49574 | Lair:2   | Identified the +1 centaur barding of Qeqoniru {*Drain Dex+7} (You acquired it on level 2 of the Lair of Beasts)
 49743 | Vaults:1 | Entered Level 1 of the Vaults
 50029 | Vaults:1 | Found Efree's Assorted Antiques.
 50461 | Vaults:1 | Reached XP level 19. HP: 178/178 MP: 25/25
 50745 | Vaults:1 | Received a gift from Okawaru
 51178 | Vaults:1 | Reached skill level 18 in Fighting
 51634 | Elf:1    | Received a gift from Okawaru
 51939 | Orc:2    | Bought a book of Spatial Translocations for 1040 gold pieces
 51943 | Orc:2    | Learned a level 2 spell: Blink
 51947 | Orc:2    | Learned a level 3 spell: Gell's Gravitas
 51950 | Orc:2    | Learned a level 2 spell: Shroud of Golubria
 51955 | Orc:2    | Learned a level 4 spell: Passage of Golubria
 52176 | Depths:1 | Entered Level 1 of the Depths
 52842 | Depths:1 | Found a runed door.
 53137 | Depths:1 | Reached skill level 1 in Charms
 53378 | Depths:1 | Found a gateway to Hell.
 53775 | Depths:1 | Found a one-way gate leading to the halls of Pandemonium.
 54098 | Depths:2 | Got a brightly glowing amber ring
 54161 | Depths:2 | Received a gift from Okawaru
 54455 | Depths:2 | Received a gift from Okawaru
 54460 | Depths:2 | Reached skill level 5 in Translocations
 54948 | Depths:2 | Reached skill level 5 in Spellcasting
 54969 | Depths:2 | Reached XP level 20. HP: 189/189 MP: 22/27
 54998 | Depths:2 | Received a gift from Okawaru
 54999 | Depths:2 | Paralysed by a floating eye for 4 turns
 55095 | Depths:2 | Identified the cursed ring of the Chupacabra {-Tele rPois rN+ EV-2 Dex+5} (You found it on level 2 of the Depths)
 55682 | Depths:3 | Reached skill level 19 in Fighting
 55710 | Depths:3 | Found a gateway to a ziggurat.
 55767 | Depths:3 | Found a magical portal.
 55828 | WizLab   | Entered Lehudib's Moon Base
 56222 | WizLab   | Gained mutation: Your spells are a little easier to cast, but a little less powerful. [a neqoxec]
 56870 | WizLab   | Received a gift from Okawaru
 57328 | WizLab   | Received a gift from Okawaru
 57600 | WizLab   | Received a gift from Okawaru
 57626 | WizLab   | Got a slimy chain mail {god gift}
 57627 | WizLab   | Identified the +7 chain mail of the Circus Animal {-Tele rF+++ Int-2 Stlth+} (Okawaru gifted it to you in a wizard's laboratory)
 57828 | WizLab   | Identified Lehudib's Disquisition on the Shifting Mountains
 57833 | WizLab   | Learned a level 2 spell: Passwall
 58164 | WizLab   | Learned a level 1 spell: Summon Butterflies
 58379 | Depths:3 | Reached skill level 1 in Transmutations
 58395 | Depths:3 | Reached skill level 1 in Earth Magic
 58794 | Depths:3 | Found a large runed door.
 58799 | Depths:3 | Found a large runed door.
 58806 | Depths:3 | Found a large runed door.
 58809 | Depths:3 | Found a large runed door.
 58810 | Depths:3 | Found a large runed door.
 58810 | Depths:3 | Found a large runed door.
 58850 | Depths:3 | Found a large runed door.
 58851 | Depths:3 | Found a large runed door.
 58911 | Depths:3 | Reached XP level 21. HP: 200/200 MP: 27/30
 59125 | Depths:3 | Identified the +2 robe of Vanity {rPois rCorr MP+9} (You found it on level 3 of the Depths)
 59462 | Orc:2    | Bought a transparent scale mail for 252 gold pieces
 59462 | Orc:2    | Bought a pair of jewelled gloves for 266 gold pieces
 59464 | Orc:2    | Identified the cursed +1 scale mail "Ciecen" {rElec rF- rC- Regen+} (You bought it in a shop on level 2 of the Orcish Mines)
 59467 | Orc:2    | Identified the cursed +0 pair of gloves of the Grue {MR++} (You bought it in a shop on level 2 of the Orcish Mines)
 59638 | D:15     | Received a gift from Okawaru
 60059 | D:9      | Was placed under penance by Okawaru
 60063 | D:9      | Killed Erolcha
 60255 | D:8      | Killed Erica
 61200 | Elf:1    | Reached skill level 20 in Fighting
 61351 | Elf:2    | Found a deep blue altar of Sif Muna.
 61363 | Elf:2    | Noticed Jorgrun
 61373 | Elf:2    | Killed Jorgrun
 61373 | Elf:2    | Was forgiven by Okawaru
 61676 | Elf:2    | Found a runed gate.
 61676 | Elf:2    | Found a runed gate.
 61676 | Elf:2    | Found a runed gate.
 61756 | Elf:3    | Entered Level 3 of the Elven Halls
 61796 | Elf:2    | Found Tak Zuu's Food Shoppe.
 61804 | Elf:2    | Received a gift from Okawaru
 61805 | Elf:2    | Got an iridescent executioner's axe {god gift}
 61811 | Elf:2    | Identified the +5 executioner's axe of the Open Hand {drain, *Rage Dex+3 Stlth+} (Okawaru gifted it to you on level 2 of the Elven Halls)
 62991 | Elf:3    | Found Ethraenk's Magic Scroll Shoppe.
 63991 | Elf:3    | Received a gift from Okawaru
 64493 | Elf:3    | Got a fine golden ring
 64493 | Elf:3    | Got a sparkling lead ring
 64495 | Elf:3    | Identified the ring "Coapesi" {rPois rF++} (You took it off a deep elf demonologist on level 3 of the Elven Halls)
 64497 | Elf:3    | Identified the ring "Epeiser" {MP+9 EV+6 Str+2 Int+6} (You took it off a deep elf blademaster on level 3 of the Elven Halls)
 64554 | Elf:3    | Identified the cursed +0 chain mail of Calculation {-Tele rN+++ MR+++ Dex-5} (You took it off a deep elf high priest on level 3 of the Elven Halls)
 64600 | Elf:3    | Reached XP level 22. HP: 202/211 MP: 27/34
 64612 | Elf:3    | Reached skill level 1 in Summonings
 64763 | Elf:3    | Identified the Incunabulum of the Arsonist
 64784 | Elf:3    | Got a heavily runed pewter ring
 64786 | Elf:3    | Identified the ring "Fodep" {Fire MR+ Int+3 Dex-2 Slay+3} (You found it on level 3 of the Elven Halls)
 64828 | Elf:3    | Identified Sif Muna's Tome of Supportive Execration
 64904 | Elf:3    | Got a shimmering lapis lazuli ring
 64976 | Elf:3    | Identified the ring of Belamou {+Fly rN+} (You took it off a deep elf sorcerer on level 3 of the Elven Halls)
 65194 | Elf:3    | Bought a scroll of recharging for 171 gold pieces
 65194 | Elf:3    | Bought a scroll of silence for 135 gold pieces
 65194 | Elf:3    | Bought a scroll of blinking for 135 gold pieces
 65194 | Elf:3    | Bought a scroll of blinking for 135 gold pieces
 65270 | Orc:2    | Bought an opalescent robe for 114 gold pieces
 65270 | Orc:2    | Identified the cursed +1 robe of Fanaticism {Slay+2} (You bought it in a shop on level 2 of the Orcish Mines)
 66103 | Vaults:2 | Received a gift from Okawaru
 66237 | Vaults:2 | Reached skill level 21 in Fighting
 67896 | Vaults:3 | Received a gift from Okawaru
 67915 | Vaults:3 | Got a jewelled centaur barding {god gift}
 67916 | Vaults:3 | Identified the -8 centaur barding "Qaiseinu" {SInv} (Okawaru gifted it to you on level 3 of the Vaults)
 68923 | Vaults:3 | Got a transparent chain mail
 68934 | Vaults:3 | Identified the +1 chain mail of an ice cave {MR- rCorr Str+9 Dex-5} (You found it on level 3 of the Vaults)
 68939 | Vaults:3 | Noticed Jory
 68962 | Vaults:3 | Killed Jory
 69184 | Vaults:3 | Found a staircase to the Crypt.
 69200 | Vaults:3 | Received a gift from Okawaru
 69222 | Vaults:3 | Received a gift from Okawaru
 69501 | Vaults:3 | Gained mutation: You tend to lose your temper in combat. [mutagenic meat]
 69504 | Vaults:3 | Lost mutation: You tend to lose your temper in combat. [mutagenic meat]
 69508 | Vaults:3 | Gained mutation: You are partially covered in molten scales. (AC +2) [mutagenic meat]
 69509 | Vaults:3 | Lost mutation: You are resistant to electric shocks. (rElec) [mutagenic meat]
 69561 | Vaults:3 | Reached XP level 23. HP: 221/221 MP: 35/35
 71417 | Vaults:4 | Received a gift from Okawaru
 72106 | Vaults:4 | Reached skill level 15 in Dodging
 72227 | Vaults:4 | Reached skill level 22 in Fighting
 72492 | Vaults:4 | Received a gift from Okawaru
 72514 | Vaults:4 | Identified the +3 centaur barding of Refuge {rPois rC+ Int+2 Dex-4} (Okawaru gifted it to you on level 4 of the Vaults)
 73241 | Vaults:5 | Entered Level 5 of the Vaults
 74463 | Vaults:5 | Reached XP level 24. HP: 233/233 MP: 35/35
 74479 | Vaults:5 | Received a gift from Okawaru
 74700 | Vaults:5 | Got a fine shortbow {god gift}
 74706 | Vaults:5 | Identified the +5 shortbow of Tenacity {velocity, rPois rC+ Str-3} (Okawaru gifted it to you on level 5 of the Vaults)
 74756 | Vaults:5 | Got an encrusted great mace {flame}
 74757 | Vaults:5 | Identified the cursed +2 great mace of Parts Unknown {flame, -Tele MR++} (You took it off a yaktaur on level 5 of the Vaults)
 74846 | Vaults:5 | Gained mutation: Your magical capacity is low. (-10% MP) [mutagenic meat]
 74847 | Vaults:5 | Gained mutation: You are frail. (-10% HP) [mutagenic meat]
 74848 | Vaults:5 | Gained mutation: You passively map a small area around you. [mutagenic meat]
 75185 | Vaults:3 | Got a twisted short sword {god gift}
 75186 | Vaults:3 | Identified the +10 short sword of Gasu {pierce, rPois MR+++} (Okawaru gifted it to you on level 3 of the Vaults)
 75372 | Vaults:5 | Received a gift from Okawaru
 75667 | Vaults:5 | Received a gift from Okawaru
 75753 | Vaults:5 | Reached skill level 15 in Armour
 75903 | Vaults:5 | Got a twitching jade amulet
 75904 | Vaults:5 | Identified the amulet of Vaydgh {RegenMP Stlth+} (You took it off a fire giant on level 5 of the Vaults)
 76100 | Vaults:5 | Got a faintly glowing brass ring
 76102 | Vaults:5 | Identified the ring of Juruen {MR+ SInv} (You took it off an entropy weaver on level 5 of the Vaults)
 76146 | Vaults:5 | Identified the cursed +1 chain mail of Icvof {+Blink +Fly Dex+4} (You found it on level 5 of the Vaults)
 76208 | Vaults:5 | Got a transparent hand axe {pain}
 76209 | Vaults:5 | Identified the +7 hand axe "Noirgh" {pain, Int+3} (You took it off a tengu reaver on level 5 of the Vaults)
 76329 | Vaults:5 | Got a silver rune of Zot
 76417 | Vaults:5 | Identified the cursed +1 ring mail of Hopscotch {MR++ Regen+ Int-5} (You found it on level 5 of the Vaults)
 76420 | Vaults:5 | Learned a level 1 spell: Animate Skeleton
 76477 | Vaults:5 | Identified the Guide on Ashen Black Rituals
 76491 | Vaults:5 | Got an encrusted trident
 76492 | Vaults:5 | Identified the +5 trident "Ocut" {pierce, rF+ MR+ Stlth+} (You found it on level 5 of the Vaults)
 76634 | Vaults:5 | Got a pitted silver amulet
 76635 | Vaults:5 | Identified the amulet "Opios" {Spirit MR+} (You found it on level 5 of the Vaults)
 76837 | Vaults:5 | Got an ancient quarterstaff
 76838 | Vaults:5 | Identified the cursed +2 quarterstaff of Untruth {freeze, rElec MR+} (You found it on level 5 of the Vaults)
 76995 | Vaults:5 | Reached skill level 23 in Fighting
 77137 | Vaults:5 | Received a gift from Okawaru
 77454 | D:13     | Lost mutation: Your body sometimes deteriorates upon taking damage. [potion of mutation]
 77454 | D:13     | Lost mutation: Your magical capacity is low. (-10% MP) [potion of mutation]
 77454 | D:13     | Lost mutation: You passively map a small area around you. [potion of mutation]
 77454 | D:13     | Lost mutation: You occasionally shout uncontrollably at your foes. [potion of mutation]
 77454 | D:13     | Lost mutation: You are frail. (-10% HP) [potion of mutation]
 77454 | D:13     | Gained mutation: You are partially covered in icy blue scales. (AC +2) [potion of mutation]
 77454 | D:13     | Gained mutation: You are partially covered in large bone plates. (SH +4) [potion of mutation]
 77576 | Orc:2    | Bought a bloodstained ring mail for 261 gold pieces
 77577 | Orc:2    | Identified the cursed +0 ring mail of the Jackalope {rPois MP+9 Int+5 Dex+3} (You bought it in a shop on level 2 of the Orcish Mines)
 77785 | Spider:4 | Got a heavily runed ring mail {god gift}
 77786 | Spider:4 | Identified the +0 ring mail "Feaz" {*Corrode rElec rC+++ Str+5} (Okawaru gifted it to you on level 4 of the Spider Nest)
 78883 | Vaults:5 | Identified the +3 scale mail of Xom's Esteem {rC+ MP+9 Stlth-} (You found it on level 5 of the Vaults)
 79307 | Depths:3 | Got a warped spear
 79308 | Depths:3 | Identified the cursed +3 spear of the Weasel {elec, rElec Str+4 Stlth+} (You found it on level 3 of the Depths)
 79507 | Depths:3 | Noticed Boris
 79530 | Depths:3 | Killed Boris
 79530 | Depths:3 | Received a gift from Okawaru
 80059 | Depths:3 | Found a sparkling altar of Nemelex Xobeh.
 80207 | Depths:3 | Received a gift from Okawaru
 80795 | Depths:4 | Received a gift from Okawaru
 80802 | Depths:4 | Reached XP level 25. HP: 242/243 MP: 35/35
 81095 | Depths:4 | Received a gift from Okawaru
 81101 | Depths:4 | Got an ancient quarterstaff {god gift}
 81102 | Depths:4 | Identified the +2 quarterstaff of Okawaru's Whim {flame, Dex+6} (Okawaru gifted it to you on level 4 of the Depths)
 81114 | Depths:4 | Found Ifota's Weapon Emporium.
 81175 | Depths:4 | Noticed Sojobo
 81199 | Depths:4 | Killed Sojobo
 81220 | Depths:4 | Found Qoatack's Magic Scroll Shoppe.
 81648 | Depths:4 | Found a one-way gate to the infinite horrors of the Abyss.
 81693 | Depths:4 | Received a gift from Okawaru
 81769 | Depths:4 | Received a gift from Okawaru
 81846 | Depths:4 | Received a gift from Okawaru
 81855 | Depths:4 | Reached skill level 24 in Fighting
 81971 | Depths:4 | Received a gift from Okawaru
 82123 | Depths:4 | Noticed a juggernaut
 82158 | Depths:4 | Killed a juggernaut
 82173 | Depths:4 | Received a gift from Okawaru
 82755 | Depths:4 | Reached XP level 26. HP: 249/255 MP: 35/35
 83051 | Depths:4 | Received a gift from Okawaru
 83184 | Depths:4 | Got a bloodstained quarterstaff
 83185 | Depths:4 | Identified the +5 quarterstaff of Hygi Ity {flame, *Contam rPois Str+4} (You found it on level 4 of the Depths)
 83211 | Depths:4 | Gained mutation: Scrolls take you a little longer to read. [mutagenic glow]
 83270 | Depths:5 | Entered Level 5 of the Depths
 83366 | Depths:5 | Found a gate to the Realm of Zot.
 83405 | Depths:5 | Upgraded the game from 0.20-a0-1116-gaa52201 to 0.20-a0-1117-g62da73f
 83847 | Swamp:1  | Killed Roxanne
 83855 | Swamp:1  | Identified Roxanne's Volume of Stones (You took it off Roxanne on level 1 of the Swamp)
 83875 | Swamp:1  | Identified the +2 leather armour of Vuxopyan {rCorr} (You found it on level 1 of the Swamp)
 84214 | Vaults:1 | Bought a papyrus book for 525 gold pieces
 84919 | Depths:5 | Received a gift from Okawaru
 86040 | Depths:4 | Upgraded the game from 0.20-a0-1117-g62da73f to 0.20-a0-1122-gb7cbeb9
 86100 | Zot:1    | Entered Level 1 of the Realm of Zot
 86108 | Zot:1    | Received a gift from Okawaru
 86144 | Zot:1    | Noticed an ancient lich
 86158 | Zot:1    | Killed an ancient lich
 86158 | Zot:1    | Reached skill level 10 in Invocations
 86564 | Zot:1    | Received a gift from Okawaru
 87010 | Zot:1    | Received a gift from Okawaru
 87597 | Zot:2    | Noticed an orb of fire
 87766 | Zot:2    | Received a gift from Okawaru
 87901 | Zot:2    | Killed an orb of fire
 87901 | Zot:2    | Reached skill level 1 in Necromancy
 87901 | Zot:2    | Reached XP level 27. HP: 159/264 MP: 0/35
 88311 | D:11     | Learned a level 1 spell: Summon Small Mammal
 88498 | Elf:3    | Learned a level 3 spell: Summon Guardian Golem
 88502 | Elf:3    | Learned a level 3 spell: Call Canine Familiar
 88512 | Elf:3    | Learned a level 2 spell: Call Imp
 90224 | Depths:4 | Voluntarily entered the Abyss.
 90509 | Abyss:1  | Received a gift from Okawaru
 90598 | Abyss:1  | Found a corrupted altar of Lugonu.
 90668 | Abyss:1  | Noticed an ancient lich
 90684 | Abyss:1  | Killed an ancient lich
 90684 | Abyss:1  | Reached skill level 5 in Hexes
 90863 | Abyss:1  | Found a corrupted altar of Lugonu.
 90993 | Abyss:1  | Found a corrupted altar of Lugonu.
 91286 | Abyss:3  | Found a corrupted altar of Lugonu.
 91484 | Abyss:3  | Reached skill level 25 in Fighting
 92805 | Abyss:4  | Received a gift from Okawaru
 92817 | Abyss:4  | Got an abyssal rune of Zot
 93240 | Abyss:5  | Entered Level 5 of the Abyss
 93540 | Abyss:5  | Received a gift from Okawaru
 93638 | Depths:4 | Escaped the Abyss
 94170 | Zot:2    | Received a gift from Okawaru
 95110 | Zot:3    | Received a gift from Okawaru
 95254 | Zot:3    | Received a gift from Okawaru
 95450 | Zot:3    | Received a gift from Okawaru
 95542 | Zot:3    | Noticed an orb of fire
 95570 | Zot:3    | Gained mutation: You tend to lose your temper in combat. [an orb of fire]
 95577 | Zot:3    | Killed an orb of fire
 95824 | Zot:3    | Received a gift from Okawaru
 96119 | Zot:4    | Noticed Lochraine's ghost (veteran MiBe)
 96143 | Zot:4    | Received a gift from Okawaru
 96232 | Zot:4    | Killed Lochraine's ghost
 96696 | Zot:4    | Received a gift from Okawaru
 96734 | Zot:4    | Identified the +1 longbow of True Grit {venom, Fragile rC+ rN+++ MR+} (Okawaru gifted it to you on level 4 of the Realm of Zot)
 97431 | Zot:5    | Entered Level 5 of the Realm of Zot
 97434 | Zot:5    | Found Cuhyfarch's Changing Room.
 97483 | Zot:5    | Bought a potion of mutation for 176 gold pieces
 97516 | Zot:5    | Received a gift from Okawaru
 98075 | Zot:5    | Noticed an orb of fire
 98085 | Zot:5    | Killed an orb of fire
 98085 | Zot:5    | Received a gift from Okawaru
 98175 | Zot:5    | Got a distressingly furry centaur barding {god gift}
 98178 | Zot:5    | Identified the +0 centaur barding of Apathy {rElec rF+} (Okawaru gifted it to you on level 5 of the Realm of Zot)
 98474 | Zot:5    | Noticed an orb of fire
 98497 | Zot:5    | Killed an orb of fire
 98502 | Zot:5    | Noticed an orb of fire
 98511 | Zot:5    | Killed an orb of fire
 98511 | Zot:5    | Received a gift from Okawaru
 98548 | Zot:5    | Received a gift from Okawaru
 98590 | Zot:5    | Noticed an ancient lich
 98599 | Zot:5    | Killed an ancient lich
 99160 | Zot:5    | Cast into level 5 of the Abyss (the power of Zot)
 99160 | Abyss:5  | Entered Level 5 of the Abyss
 99365 | Zot:5    | Escaped the Abyss
 99711 | Zot:5    | Lost mutation: You are partially covered in icy blue scales. (AC +2) [potion of mutation]
 99711 | Zot:5    | Lost mutation: Your spells are a little easier to cast, but a little less powerful. [potion of mutation]
 99711 | Zot:5    | Gained mutation: You are partially covered in yellow scales. (AC +2) [potion of mutation]
 99711 | Zot:5    | Gained mutation: You have an increased reservoir of magic. (+10% MP) [potion of mutation]
 99712 | Zot:5    | Lost mutation: You have an increased reservoir of magic. (+10% MP) [potion of mutation]
 99712 | Zot:5    | Lost mutation: Scrolls take you a little longer to read. [potion of mutation]
 99712 | Zot:5    | Lost mutation: You are partially covered in yellow scales. (AC +2) [potion of mutation]
 99712 | Zot:5    | Lost mutation: You tend to lose your temper in combat. [potion of mutation]
 99712 | Zot:5    | Gained mutation: You are surrounded by a mild repulsion field. (EV +2) [potion of mutation]
 99712 | Zot:5    | Gained mutation: Your muscles are strong. (Str +2) [potion of mutation]
 99717 | Zot:5    | Got the Orb of Zot
100004 | Depths:1 | Noticed Adwiblu the pandemonium lord
100015 | Depths:1 | Noticed Jaheah the pandemonium lord
100383 | D:5      | Received a gift from Okawaru
100551 | D:$      | Escaped with the Orb!

Vault maps used:
D:1:      saegor_arrival_simple_d
D:2:      lemuel_blue_sif_altar
D:3:      first_bread, nicolae_dithmenos_shadow_blocks, uniq_terence
D:4:      nemelex_xobeh_ov_fountains_minmay, lemuel_zombie_altar_kikubaaqudgha,
          minmay_temple_entry_junction, fountainhead
D:5:      zin_statuary, minmay_misc_feat_rows
D:6:      serial_shops, shop, uniq_duvessa
D:7:      minmay_klotski, marbit_many_paths, fedhas_altar_3,
          hangedman_feature_mirror, minmay_misc_feat_four_crosses,
          hangedman_abyss_or_decor_lesser_grid, uniq_pikel
D:8:      uniq_erica
D:9:      kennysheep_mini_moat, minitemple, blue_anna_alchemist,
          nicolae_ru_path_of_blood, uniq_grum, uniq_erolcha
D:10:     dragon1_lemuel, erik_lair_orcish_takeover, serial_co_window_serial,
          co_window_corner_a, co_window_corner_a, co_window_of_opportunity_a,
          co_window_paths_b, co_window_cross_1, co_window_2corner,
          co_window_paths_c, co_window_corner_b, co_window_unsneaky_path_b,
          co_window_4corner_a, glass_columns_a, glass_columns_c,
          glass_columns_b, glass_columns_c, glass_columns_b
D:11:     david_orc_3
D:12:     special_room, hangedman_decor_growths, tgw_lugonu_bribe
D:13:     hangedman_vaults_entry_quadrant_bands,
          portal_ice_cave_entry_ice_beasts
D:14:     infiniplex_staircase_zigzag_5
D:15:     gammafunk_depths_entry_grave,
          nicolae_gozag_cash_rules_everything_around_me, uniq_urug, uniq_sonja,
          uniq_nessos
Temple:   cyrus_circular_temple
Lair:1:   lab_entry_generic
Lair:2:   beast_lair_carwin_large_1, nicolae_spider_entry_non_spiders,
          serial_bayou_shore_b, lemuel_fruit_fields
Lair:3:   grunt_megastairs_1, serial_bayou_shore_b
Lair:4:   swamp_mist, grunt_megastairs_3
Lair:5:   minmay_slime_entry_pillars, basic_altar, grunt_megastairs_4
Lair:6:   due_jungle_book
Swamp:1:  evilmike_swamp_ruin_rubble_2, uniq_roxanne
Swamp:2:  evilmike_swamp_ruin_house_4
Swamp:3:  hangedman_swamp_ruin_wall, uniq_kirke
Swamp:4:  grunt_swamp_rune_castle
Spider:1: special_room, minmay_another_anthill
Spider:2: hangedman_stitches_earthworm, uniq_donald, uniq_frances
Spider:3: spider_trap
Spider:4: johnstein_spider_rune_arachne_lair, guppyfry_spider_mini_3
Orc:1:    uniq_snorg
Orc:2:    st_orc_mages, serial_shops, shop_fountains, shop_fountains, shop,
          nicolae_shop_window_shopping, shop_statue, uniq_saint_roka
Elf:1:    kennysheep_underground_church, amethyst_killhole
Elf:2:    serial_shops, shop, basic_altar, minmay_misc_feat_ornament,
          spider_trap, serial_sigils_hangedman_leer, statue_in_the_mist_lemuel,
          uniq_jorgrun
Elf:3:    minmay_elf_hall_furrowed, serial_shops, shop
Vaults:1: vaults_room_large_hall, v_misc_14, nicolae_vaults_hallways_thing,
          nicolae_vaults_arrows, grunt_vaults_hallway_long,
          ontoclasm_vaults_chip, vaults_room_stairs_pillars,
          ontoclasm_vaults_twist, nicolae_vaults_little_squares_2,
          vaults_dpeg_spiral, ontoclasm_vaults_ring_small, vaults_room_corners,
          dpeg_vaults_monster_row, serial_shops, shop
Vaults:2: nicolae_vaults_ninety_degrees, nicolae_vaults_minivaults,
          nicolae_vaults_theta, grunt_vaults_funnel, vaults_room_corners
Vaults:3: hangedman_vaults_stream, nicolae_vaults_twisting_passages,
          nicolae_vaults_circle_grid_b, v_pattern_2,
          nicolae_vaults_circle_grid_a, vaults_room_large_hall,
          minmay_crypt_entry_simple_box, nicolae_vaults_statue_guard,
          ontoclasm_vaults_loading_screen, uniq_jory
Vaults:4: nicolae_vaults_what_the_h, grunt_vaults_focal, v_misc_28, v_misc_3,
          grunt_vaults_hallway_long, v_misc_2,
          vaults_room_grunt_arrival_checkpoint, vaults_dpeg_diagonal,
          vaults_dpeg_encased_lava, ontoclasm_vaults_spin
Depths:1: hell_entry, serial_bayou_pond_c, pan_entry, serial_bayou_lagoon_a,
          kennysheep_treasure_room
Depths:2: minmay_tri_box, hell_entry, minmay_crystal_room, serial_bayou_shore_b
Depths:3: minmay_five_octagons, enter_ziggurat_e, infiniplex_enter_wizlab_water,
          hell_entry, rand_demon_pan_entry_9, minivault_15, lemuel_statue_altar,
          uniq_boris
Depths:4: grunt_bent_corner, abyss_entry, hell_entry, minmay_shoptagon,
          minmay_staircase_windowed_large, serial_bayou_shore_b,
          kennysheep_random_hallway, uniq_sojobo
Depths:5: grunt_zot_entry_funnels, hell_entry
Zot:1:    hangedman_player_shredder
Zot:2:    grunt_megastairs_2, basic_stair_grate_trap
Zot:5:    nicolae_transmutations_shop, basic_stair_grate_trap
Abyss:3:  serial_sigils_hangedman_gut
Abyss:4:  gammafunk_abyss_rune_reverse_zot, hangedman_classic_abyss_death
Abyss:5:  hangedman_abyss_exit_choices, hangedman_abyss_river_spirits,
          hangedman_abyss_overflow_altar, hangedman_abyss_or_decor_passed,
          evilmike_abyss_exit_9, gammafunk_abyss_exit_x_factor
Lab:      labyrinth_watery, nicolae_lab_grate_2, nicolae_lab_starburst,
          lab_fountain, nicolae_lab_very_dead_end, lab_hedge, lab_block,
          nicolae_lab_big_swirl
IceCv:    ice_cave_caverns_03
WizLab:   wizlab_lehudib

Skill      XL: |  1  2  3  4  5  6  7  8  9 10 11 12 13 14 15 16 17 18 19 20 21 22 23 24 25 26 27 |
---------------+----------------------------------------------------------------------------------+-----
Bows           | 6 7 8 9 10 12 14 15 16 17 18 19 20 23 | 23.2
Fighting       | 3 4 5 7 8 9 10 11 12 14 16 17 18 19 20 21 22 23 24 25 | 25.5
Dodging        | 2 3 4 5 7 8 9 10 11 12 13 14 15 16 17 18 21 | 21.4
Invocations    | 2 5 6 7 8 9 11 12 | 12.2
Spellcasting   | 2 3 4 5 6 8 9 |  9.4
Evocations     | 2 4 6 7 9 |  9.0
Armour         | 3 4 6 7 8 9 10 11 12 13 14 15 16 17 20 | 20.8
Translocations | 3 4 5 6 7 |  7.1
Hexes          | 3 4 5 |  5.1
Charms         | 2 3 4 |  4.3
Transmutations | 1 2 |  2.0
Earth Magic    | 1 2 4 |  4.0
Summonings     | 4 |  4.1
Necromancy     | 1 3 |  3.0
Stealth        | |  0.4

Action                   |  1- 3 |  4- 6 |  7- 9 | 10-12 | 13-15 | 16-18 | 19-21 | 22-24 | 25-27 || total
-------------------------+-------+-------+-------+-------+-------+-------+-------+-------+-------++-------
Melee: Short sword       |    68 |    29 |       |       |    18 |       |       |       |       ||   115
       Kick              |    13 |    21 |    35 |    62 |    29 |     6 |     7 |     1 |    21 ||   195
       Dagger            |       |    55 |    72 |       |       |       |       |       |       ||   127
       Staff             |       |       |     9 |   200 |    22 |    18 |    14 |       |     2 ||   265
       Whip              |       |       |     1 |       |       |       |       |       |       ||     1
       Punch             |       |       |       |     1 |       |       |       |       |     2 ||     3
       Unarmed           |       |       |       |       |       |       |       |     2 |       ||     2
       Quick blade       |       |       |       |       |       |       |       |       |    31 ||    31
 Fire: Shortbow          |    47 |   126 |   412 |  1164 |   329 |       |       |    13 |       ||  2091
       Longbow           |       |       |       |       |  1297 |  1691 |  1853 |  2642 |  4299 || 11782
Throw: Tomahawk          |       |       |     2 |       |       |       |       |       |       ||     2
       Throwing net      |       |       |     1 |       |       |       |     2 |       |     1 ||     4
 Cast: Portal Projectile |       |       |       |       |     9 |     8 |    25 |    21 |    50 ||   113
       Corona            |       |       |       |       |       |     7 |       |       |       ||     7
       Shroud of Golubri |       |       |       |       |       |       |     3 |       |     7 ||    10
       Passage of Golubr |       |       |       |       |       |       |     5 |    16 |     6 ||    27
       Summon Butterflie |       |       |       |       |       |       |     1 |     1 |    47 ||    49
       Passwall          |       |       |       |       |       |       |     1 |       |     2 ||     3
       Blink             |       |       |       |       |       |       |       |    13 |     9 ||    22
       Gell's Gravitas   |       |       |       |       |       |       |       |     3 |       ||     3
       Animate Skeleton  |       |       |       |       |       |       |       |       |    31 ||    31
       Summon Small Mamm |       |       |       |       |       |       |       |       |    18 ||    18
       Call Canine Famil |       |       |       |       |       |       |       |       |     6 ||     6
       Summon Guardian G |       |       |       |       |       |       |       |       |     2 ||     2
       Call Imp          |       |       |       |       |       |       |       |       |     1 ||     1
Invok: Heroism           |       |       |     5 |    29 |    13 |    11 |    11 |    13 |    24 ||   106
       Finesse           |       |       |       |     2 |    12 |    14 |    17 |    11 |    27 ||    83
 Abil: Evoke Flight      |       |       |       |       |     2 |     1 |       |       |       ||     3
       Evoke Blink       |       |       |       |       |       |     3 |     6 |       |     1 ||    10
       Cancel Portal Pro |       |       |       |       |       |       |     1 |       |     1 ||     2
Evoke: Staff of Olgreb   |       |       |       |     3 |       |    28 |     2 |     3 |       ||    36
       Wand              |       |       |       |    26 |    11 |     1 |     4 |     3 |     6 ||    51
       Sack of spiders   |       |       |       |       |       |       |       |       |     1 ||     1
       Staff of energy   |       |       |       |       |       |       |       |       |    43 ||    43
       Phial of floods   |       |       |       |       |       |       |       |       |     3 ||     3
       Box of beasts     |       |       |       |       |       |       |       |       |     1 ||     1
  Use: Scroll            |       |     3 |     2 |    14 |    20 |     8 |    18 |    17 |    20 ||   102
       Potion            |       |     2 |     2 |     8 |     3 |     2 |       |     1 |    10 ||    28
 Stab: Sleeping          |       |       |       |     1 |       |       |       |       |       ||     1
  Eat: Chunk             |     2 |     6 |     6 |    14 |    31 |    26 |    26 |    39 |    25 ||   175
       Royal jelly       |       |     1 |       |     1 |       |       |       |     1 |     2 ||     5
       Meat ration       |       |       |     1 |     4 |     1 |     2 |     2 |     2 |     2 ||    14
       Fruit             |       |       |       |       |       |       |     1 |     1 |     2 ||     4
       Bread ration      |       |       |       |       |       |       |       |       |     2 ||     2
Armor: Leather armour    |    44 |    37 |    57 |   108 |    84 |   153 |    98 |   105 |       ||   686
       Chain mail        |       |       |       |       |     5 |       |       |       |       ||     5
       Skin              |       |       |       |       |       |       |       |     2 |       ||     2
       Troll leather arm |       |       |       |       |       |       |       |    17 |   324 ||   341
Dodge: Dodged            |    53 |    56 |   100 |   324 |   142 |   237 |   315 |   435 |  1076 ||  2738
       Deflected         |       |       |       |       |     3 |     8 |       |       |       ||    11
Block: Other             |       |       |    10 |    27 |       |       |       |    13 |   131 ||   181
       Reflection        |       |       |       |     2 |       |     2 |       |       |       ||     4
